 Dungeon Crawl Stone Soup version 0.23.2-1-ga50397a6bc (webtiles) character file.

Game seed: 18096403560971152409

4940 Mrkan the Basher (level 10, -2/83 HPs)
             Began as a Demonspawn Fighter on May 19, 2019.
             Was an Elder of Trog.
             Killed from afar by an electric eel (6 damage)
             ... with a bolt of electricity
             ... on level 10 of the Dungeon.
             The game lasted 00:18:50 (8289 turns).

Mrkan the Basher (Demonspawn Fighter)               Turns: 8289, Time: 00:18:50

Health: -2/83      AC: 11    Str: 20    XL:     10   Next: 28%
Magic:  10/10      EV:  5    Int: 10    God:    Trog [****..]
Gold:   504        SH:  9    Dex: 12    Spells: 9/9 levels left

rFire    . . .     SeeInvis .   h - +1 whip (flame)
rCold    + . .     Gourm    .   c - +0 shield
rNeg     . . .     Faith    .   j - +1 chain mail
rPois    +         Spirit   .   (helmet restricted)
rElec    .         Reflect  .   (no cloak)
rCorr    .         Harm     .   (no gloves)
MR       +++..                  (no boots)
Stlth    ..........             y - amulet of regeneration
HPRegen  1.63/turn              F - ring of poison resistance
MPRegen  0.12/turn              k - ring of protection from magic

@: regenerating
A: antennae 1, molten scales 1, cold resistance 1, demonic guardian 1
a: Berserk, Trog's Hand, Brothers in Arms, Renounce Religion


You were on level 10 of the Dungeon.
You worshipped Trog.
Trog was greatly pleased with you.
You were not hungry.

You visited 1 branch of the dungeon, and saw 10 of its levels.

You collected 504 gold pieces.

Inventory:

Hand Weapons
 a - a +0 flail
 h - a +1 whip of flaming (weapon)
 M - the +8 hand axe "Yprod" {vamp, *Drain rPois rF+ rN+}
   (You found it on level 8 of the Dungeon)

   It inflicts no extra harm, but heals its wielder when it wounds a living foe.
   It protects you from fire.
   It protects you from poison.
   It protects you from negative energy.
   It causes draining when unequipped.
Armour
 c - a +0 shield (worn)
 j - a +1 chain mail (worn)
 G - a +0 helmet
 I - a +2 pair of gloves
Jewellery
 k - a ring of protection from magic (right hand)
 y - an amulet of regeneration (around neck)
 C - an uncursed ring of positive energy {unknown}
 E - a +4 amulet of reflection
 F - a ring of poison resistance (left hand)
 O - a cursed -5 ring of evasion {unknown}
 P - an uncursed ring of protection from fire {unknown}
 Q - an uncursed ring of see invisible {unknown}
 S - an uncursed ring of ice {unknown}
Wands
 D - a wand of random effects (50)
 K - a wand of iceblast (26)
 L - a wand of disintegration (28)
 R - a wand of acid (10)
 T - a wand of flame (6)
Scrolls
 e - a scroll of blinking {unknown}
 i - 4 scrolls of remove curse
 l - 6 scrolls of enchant armour
 n - 6 scrolls of teleportation
 o - a scroll of magic mapping
 p - a scroll of enchant weapon {unknown}
 q - a scroll of fog
 s - a scroll of fear
 t - a scroll of immolation
 z - a scroll of amnesia
 H - a scroll of random uselessness {unknown}
 N - a scroll of noise
Potions
 b - a potion of brilliance {unknown}
 d - a potion of might
 g - 5 potions of berserk rage {unknown}
 m - 5 potions of curing
 r - a potion of mutation {unknown}
 u - a potion of agility {unknown}
 v - a potion of ambrosia {unknown}
 w - a potion of haste {unknown}
 x - a potion of flight {unknown}
 A - 3 potions of heal wounds {unknown}
 B - 2 potions of lignification {unknown}
 J - a potion of resistance {unknown}
Comestibles
 f - 11 rations


   Skills:
 + Level 9.3 Fighting
 * Level 11.4 Maces & Flails
 - Level 2.6 Armour
 - Level 2.6 Shields


You had 9 spell levels left.
You didn't know any spells.
Your spell library was empty.

Dungeon Overview and Level Annotations

Branches:
Dungeon (10/15)            Temple (0/1) D:5            Lair (0/6) D:8
    Orc (0/2) D:9

Altars:
Cheibriados
Dithmenos
Hepliaklqana
Kikubaaqudgha
Makhleb
Nemelex Xobeh
Okawaru
Qazlal
Trog
Vehumet
Yredelemnul

Shops:
D:5 :

Annotations:
D:7 3 runed translucent doors, Lysie's ghost, novice GrEE


Innate Abilities, Weirdness & Mutations

You have a pair of small antennae on your head.
You are partially covered in molten scales. (AC +2)
Your flesh is cold resistant. (rC+)
A weak demonic guardian rushes to your aid.


Message History

The electric eel shoots out a bolt of lightning at you!
The bolt of electricity hits you!
* * * LOW HITPOINT WARNING * * *
You feel better.
The electric eel shoots out a bolt of lightning at you!
The bolt of electricity misses you.
The electric eel shoots out a bolt of lightning at you!
The bolt of electricity hits you!
* * * LOW HITPOINT WARNING * * *
Your skin crawls.
You feel resistant to hostile enchantments.
You feel somewhat more hungry.
The electric eel shoots out a bolt of lightning at you!
The bolt of electricity hits you!
* * * LOW HITPOINT WARNING * * *
The electric eel shoots out a bolt of lightning at you!
The bolt of electricity misses you.
The electric eel shoots out a bolt of lightning at you!
The bolt of electricity hits you.
You die...

#........####........
#....###.####........
#......#.............
#......########......
#......##.....#......
#......##.....'......
#......##.....#......
#......##.....######.
##...@..............#.
#≈.....>............#.
##≈≈;....##.....##...#.
≈≈≈≈≈≈;....#########...#.
≈≈≈≈≈≈≈$.### #...#.
##≈≈≈≈≈≈.. ######.
##≈≈≈≈≈≈#. #......
#≈≈≈≈≈.#. #######.####.
##≈≈≈≈.# .+.....'.# #.


You could see 2 electric eels.

Vanquished Creatures
  Pikel (D:5)
  Joseph (D:7)
  Grinder (D:5)
  A hippogriff (D:9)
  A hungry ghost (D:9)
  An ice beast (D:8)
  2 sky beasts (D:10)
  A phantom (D:9)
  2 eyes of draining (D:9)
  5 ogres
  4 centaurs
  3 big kobolds
  3 bullfrogs (D:9)
  A wyvern zombie (D:10)
  A water moccasin skeleton (D:8)
  3 scorpions
  3 wights (D:9)
  A bullfrog zombie (D:9)
  3 crimson imps
  2 jellies
  Crazy Yiuf (D:7)
  3 centaur skeletons
  A gnoll shaman (D:6)
  3 hounds
  8 orc wizards
  An iguana (D:10)
  3 worker ants
  3 hound zombies
  3 gnolls
  6 adders
  2 shadow imps
  3 worms
  A dart slug (D:4)
  5 leopard geckos
  18 orcs
  A ball python (D:3)
  A giant cockroach (D:2)
  8 goblins
  5 hobgoblins
  6 jackals
  15 kobolds
  7 quokkas
  4 bats
  3 frilled lizards
  A jackal zombie (D:6)
  2 quokka skeletons
  A quokka zombie (D:8)
  3 rats
158 creatures vanquished.

Vanquished Creatures (collateral kills)
  A two-headed ogre (D:8)
  A hippogriff (D:9)
  3 ogres
  A bullfrog (D:10)
  A howler monkey (D:6)
  A crimson imp (D:5)
  A hound (D:6)
  A jelly (D:6)
  An iguana (D:7)
  An orc wizard (D:5)
  A killer bee zombie (D:6)
  A hound zombie (D:9)
  2 adders
  3 gnolls (D:6)
  A leopard gecko (D:5)
  7 orcs
27 creatures vanquished.

Vanquished Creatures (others)
  A slave (D:6)
  An adder (D:6)
  A giant cockroach (D:6)
  A quokka (D:6)
  9 plants (D:8)
13 creatures vanquished.

Grand Total: 198 creatures vanquished

Notes
Turn   | Place    | Note
-------+----------+-------------------------------------------
     0 | D:1      | Mrkan the Demonspawn Fighter began the quest for the Orb.
     0 | D:1      | Reached XP level 1. HP: 18/18 MP: 1/1
   204 | D:1      | Reached skill level 2 in Maces & Flails
   367 | D:1      | Gained mutation: A weak demonic guardian rushes to your
                  | aid. [demonic ancestry]
   367 | D:1      | Reached XP level 2. HP: 8/24 MP: 2/2
   557 | D:2      | Gained mutation: Your flesh is cold resistant. (rC+)
                  | [demonic ancestry]
   557 | D:2      | Reached XP level 3. HP: 26/29 MP: 3/3
   738 | D:2      | Found a bloodstained altar of Trog.
   808 | D:2      | Became a worshipper of Trog the Wrathful
   900 | D:2      | Reached skill level 3 in Maces & Flails
  1607 | D:2      | Found a hazy altar of Hepliaklqana.
  1747 | D:2      | Found an iron altar of Okawaru.
  1747 | D:2      | Found a snail-covered altar of Cheibriados.
  2130 | D:3      | Reached XP level 4. HP: 29/37 MP: 4/4
  2228 | D:3      | Found a basalt altar of Yredelemnul.
  2468 | D:4      | Reached * piety under Trog
  2508 | D:4      | Noticed an ogre
  2518 | D:4      | Killed an ogre
  2518 | D:4      | Reached skill level 4 in Maces & Flails
  2518 | D:4      | Reached XP level 5. HP: 42/42 MP: 5/5
  2736 | D:4      | Found a stormy altar of Qazlal.
  2737 | D:4      | Noticed a water elemental
  2739 | D:4      | Noticed a fire elemental
  2739 | D:4      | Noticed an air elemental
  2807 | D:4      | You fall through a shaft!
  2807 | D:5      | Entered Level 5 of the Dungeon
  2828 | D:5      | Found a staircase to the Ecumenical Temple.
  2965 | D:5      | Gained mutation: You are partially covered in molten
                  | scales. (AC +2) [demonic ancestry]
  2965 | D:5      | Reached XP level 6. HP: 29/49 MP: 6/6
  3567 | D:5      | Reached skill level 5 in Maces & Flails
  3710 | D:5      | Found Kulek's Book Emporium.
  4138 | D:6      | Noticed Grinder
  4166 | D:5      | Killed Grinder
  4166 | D:5      | Reached skill level 5 in Fighting
  4166 | D:5      | Reached XP level 7. HP: 43/56 MP: 7/7
  4205 | D:6      | Reached skill level 6 in Maces & Flails
  4227 | D:6      | Noticed Pikel
  4249 | D:6      | Reached ** piety under Trog
  4265 | D:5      | Killed Pikel
  4265 | D:5      | Reached skill level 7 in Maces & Flails
  4265 | D:5      | Gained mutation: You have a pair of small antennae on your
                  | head. [demonic ancestry]
  4265 | D:5      | Reached XP level 8. HP: 38/64 MP: 8/8
  4586 | D:6      | Found a sparkling altar of Nemelex Xobeh.
  4588 | D:6      | Found an ancient bone altar of Kikubaaqudgha.
  4591 | D:6      | Found a burning altar of Makhleb.
  4614 | D:6      | Found a radiant altar of Vehumet.
  4640 | D:6      | Reached skill level 8 in Maces & Flails
  4947 | D:7      | You fall through a shaft for 2 floors!
  5075 | D:7      | Noticed Joseph
  5144 | D:7      | Killed Joseph
  5144 | D:7      | Reached skill level 9 in Maces & Flails
  5217 | D:7      | Reached XP level 9. HP: 72/72 MP: 9/9
  5281 | D:7      | Found a runed translucent gate.
  5281 | D:7      | Found a runed translucent gate.
  5281 | D:7      | Found a runed translucent gate.
  5282 | D:7      | Noticed Lysie's ghost (novice GrEE)
  5351 | D:7      | Reached *** piety under Trog
  5398 | D:7      | Found a runed translucent door.
  5399 | D:7      | Noticed Crazy Yiuf
  5431 | D:7      | Killed Crazy Yiuf
  5736 | D:7      | You fall through a shaft!
  5968 | D:8      | Got an encrusted hand axe
  5984 | D:8      | Noticed a two-headed ogre
  6012 | D:8      | Killed a two-headed ogre
  6012 | D:8      | Reached skill level 10 in Maces & Flails
  6491 | D:8      | Found a staircase to the Lair.
  7140 | D:9      | Reached XP level 10. HP: 82/82 MP: 10/10
  7169 | D:9      | Found a staircase to the Orcish Mines.
  7204 | D:9      | Found a shadowy altar of Dithmenos.
  7276 | D:9      | Reached **** piety under Trog
  7282 | D:9      | Reached skill level 11 in Maces & Flails
  7906 | D:9      | Identified the +8 hand axe "Yprod" {vamp, *Drain rPois rF+
                  | rN+} (You found it on level 8 of the Dungeon)
  7923 | D:10     | Entered Level 10 of the Dungeon
  8288 | D:10     | HP: 2/83 [electric eel/bolt of electricity (10)]
  8289 | D:10     | Killed from afar by an electric eel

Skill      XL: |  1  2  3  4  5  6  7  8  9 10 |
---------------+-------------------------------+-----
Maces & Flails | 2 3 4 5 7 9 10 11 | 11.4
Fighting       | 4 5 6 7 8 9 |  9.3
Armour         | |  2.6
Shields        | |  2.6

Action                   |  1- 3 |  4- 6 |  7- 9 | 10-12 || total
-------------------------+-------+-------+-------+-------++-------
Melee: Flail             |   147 |   153 |    36 |       ||   336
       Whip              |       |       |   422 |   195 ||   617
Invok: Berserk           |       |       |     1 |     1 ||     2
       Trog's Hand       |       |       |       |     1 ||     1
  Use: Scroll            |       |     5 |       |     9 ||    14
       Potion            |       |       |       |     2 ||     2
 Stab: Distracted        |       |     1 |     2 |     1 ||     4
  Eat: Chunk             |     1 |     4 |    10 |       ||    15
       Ration            |     1 |     1 |       |     3 ||     5
Armor: Scale mail        |    25 |       |       |       ||    25
       Chain mail        |    47 |   118 |   187 |    48 ||   400
Dodge: Dodged            |    29 |    21 |    85 |    17 ||   152
Block: Shield            |    62 |    62 |   182 |    41 ||   347
